 Dungeon Crawl Stone Soup version 0.26.0-16-gc1dbca0489 (webtiles) character file.

Game seed: 17048593057150573280

130 xSliceyx the Magician (level 4, 0/24 HPs)
             Began as a Deep Elf Fire Elementalist on Jan 17, 2021.
             Slain by a phantom (8 damage)
             ... on level 2 of the Dungeon.
             The game lasted 00:06:14 (2164 turns).

xSliceyx the Magician (Deep Elf Fire Elementalist)  Turns: 2164, Time: 00:06:15

Health: 0/24       AC:  3    Str:  5    XL:     4   Next: 90%
Magic:  12/12      EV: 14    Int: 21    God:
Gold:   117        SH:  0    Dex: 15    Spells: 10/11 levels left

rFire    . . .     SeeInvis +   p - +2 falchion (elec)
rCold    . . .     Faith    .   (no shield)
rNeg     . . .     Spirit   .   a - +0 robe
rPois    .         Reflect  .   n - +0 helmet
rElec    .         Harm     .   (no cloak)
rCorr    .         Rampage  .   (no gloves)
Will     .....                  (no boots)
Stlth    ++........             (no amulet)
HPRegen  0.08/turn              c - ring of see invisible
MPRegen  0.13/turn              (no ring)

@: no status effects
A: no striking features
a: no special abilities


You were on level 2 of the Dungeon.
You visited 1 branch of the dungeon, and saw 2 of its levels.

You collected 117 gold pieces.

Inventory:

Hand Weapons
 p - a +2 falchion of electrocution (weapon)
Missiles
 l - 8 poisoned darts
Armour
 a - a +0 robe (worn)
 m - a +0 buckler
 n - a +0 helmet (worn)
Jewellery
 c - a ring of see invisible (left hand)
Scrolls
 e - 4 scrolls of identify {unknown}
 g - 3 scrolls of enchant weapon {unknown}
 h - a scroll of remove curse {unknown}
 j - 2 scrolls of fog {unknown}
 k - a scroll of amnesia {unknown}
 o - a scroll of blinking {unknown}
Potions
 b - a potion of magic {unknown}
 d - a potion of curing {unknown}
 f - a potion of attraction {unknown}
 i - a potion of ambrosia {unknown}


   Skills:
 + Level 3.7 Dodging
 - Level 2.4 Stealth
 + Level 4.3 Spellcasting
 + Level 2.7 Conjurations
 + Level 4.2 Fire Magic


You had 10 spell levels left.
You knew the following spells:

 Your Spells              Type           Power        Failure   Level
a - Foxfire               Conj/Fire      76%          2%          1

Your spell library contained the following spells:

 Spells                   Type           Power        Failure   Level
 Conjure Flame            Conj/Fire      19%          9%          3
 Inner Flame              Hex/Fire       13%          14%         3
 Sticky Flame             Conj/Fire      19%          28%         4
 Fireball                 Conj/Fire      9%           61%         5


Dungeon Overview and Level Annotations

Branches:
Dungeon (2/15)

Altars:


Message History

The frilled lizard misses you.
You riposte.
You barely miss the frilled lizard.
Your magical contamination has completely faded away.
You see here a quokka corpse.
There is a stone staircase leading up here.
You climb upwards.
There is a stone staircase leading down here.
Casting: Foxfire (safe; 2% risk of failure)
Confirm with . or Enter, or press ? or * to list all spells.
You conjure some foxfire!
The frilled lizard misses you.
You riposte.
You barely miss the frilled lizard. You barely miss the frilled lizard.
The foxfire hits the frilled lizard.
You kill the frilled lizard!
You start resting.
Magic restored.
You start resting.
HP restored.
You climb downwards.
The phantom hits you! x2
There is a stone staircase leading up here.
The phantom hits you!
You die...

.......# #.#......#.#.## .......#
#.###.#..#....# .......#
##.###.#..###..# . .......#
#......#.......###. .......#
#......#.##....#..
.......########......#.##.####.##
........)....##.....##.##†####...
.............##..W..##...........
.............##.@...#####...###..
.[...........##.....# #...###..
.............##.....# #........
.............##.....# #........
.............##.....# #.........
.............##.....# #.......).
...##...............# #.........
...##...............# #......W..
...##...............# #.........


You could see a phantom.

Vanquished Creatures
  Terence (D:2)
  3 gnolls (D:2)
  3 adders (D:2)
  A worm (D:2)
  A dart slug (D:1)
  A leopard gecko (D:1)
  8 bats
  2 giant cockroaches
  A goblin (D:1)
  3 hobgoblins
  4 jackals (D:2)
  7 kobolds
  2 quokkas (D:2)
  6 frilled lizards
  6 rats
49 creatures vanquished.

Vanquished Creatures (others)
  164 foxfires
164 creatures vanquished.

Grand Total: 213 creatures vanquished

Notes
Turn   | Place    | Note
-------+----------+-------------------------------------------
     0 | D:1      | xSliceyx the Deep Elf Fire Elementalist began the quest for
                  | the Orb.
     0 | D:1      | Reached XP level 1. HP: 10/10 MP: 6/6
   333 | D:1      | Reached XP level 2. HP: 15/15 MP: 6/8
  1232 | D:2      | Reached XP level 3. HP: 19/19 MP: 6/10
  1482 | D:2      | Reached XP level 4. HP: 24/24 MP: 3/11
  1759 | D:2      | Noticed Terence
  1765 | D:2      | Killed Terence
  1921 | D:2      | Noticed a phantom
  2164 | D:2      | Slain by a phantom

Illustrated notes

Levels and vault maps discovered:
D:1:      tarquinn_simple_flora_water_e, layout_basic, roderic_malta_cross
D:2:      layout_basic, uniq_crazy_yiuf_cottage, uniq_terence

Skill      XL: |  1  2  3  4 |
---------------+-------------+-----
Dodging        | 3 |  3.7
Conjurations   | 2 |  2.7
Fire Magic     | 4 |  4.2
Spellcasting   | 4 |  4.3
Stealth        | |  2.4

Action                   |  1- 3 |  4- 6 || total
-------------------------+-------+-------++-------
Melee: Short sword       |     1 |     1 ||     2
       Falchion          |       |     1 ||     1
 Cast: Foxfire           |    61 |    34 ||    95
Armor: Robe              |     4 |     2 ||     6
Dodge: Dodged            |     7 |     3 ||    10
       Rpst.: Falchion   |       |     2 ||     2
